 Dungeon Crawl Stone Soup version 0.31-a0-1118-gbca3d03946 (webtiles) character file.

Game seed: 2211171038625163978

118890 Dirtsage the Earth Mage (level 16, 0/104 HPs)
             Began as a Gargoyle Earth Elementalist on Dec 4, 2023.
             Was the Champion of Vehumet.
             Slain by a demonic crawler (10 damage)
             ... on level 2 of the Spider Nest on Dec 5, 2023.
             The game lasted 01:33:51 (24930 turns).

Dirtsage the Earth Mage (GrEE)                     Turns: 24930, Time: 01:33:51

Health: 0/104      AC: 24    Str: 11 (12) XL:     16   Next: 78%
Magic:  6/40       EV: 11    Int: 28      God:    Vehumet [******]
Gold:   1804       SH:  7    Dex: 12      Spells: 12/37 levels left

rFire   + + .        R - +11 demon whip "Hydrabane" {vamp, rC++ Int+4 Dex+2}
rCold   + + +        E - +2 buckler
rNeg    + + .        P - +2 leather armour {rC+ rF+}
rPois   ∞            x - +0 helmet
rElec   +            a - scarf {rC+ rF+}
rCorr   .            W - +1 pair of gloves "Oxzes" {*Corrode rN+ Slay+2 Stlth+}
SInv    +            y - +1 pair of boots
Will    +....        p - amulet of regeneration
Stlth   +++          S - ring of see invisible
HPRegen 1.17/turn    Q - ring of magical power
MPRegen 0.27/turn

%: corrode self (3%)
@: about to teleport, flying
A: sickness immunity, AC +12, big wings, negative energy resistance 1,
electricity resistance, torment resistance 1, petrification resistance
a: Renounce Religion


You were on level 2 of the Spider Nest.
You worshipped Vehumet.
Vehumet was exalted by your worship.
You visited 4 branches of the dungeon, and saw 23 of its levels.
You also visited: Ossuary and Ice Cave.

You collected 2588 gold pieces.
You spent 784 gold pieces at shops.

Inventory:

Hand Weapons
 R - the +11 demon whip "Hydrabane" (weapon) {vamp, rC++ Int+4 Dex+2}
   (You found it on level 3 of the Lair of Beasts)

   Int+4:     It affects your intelligence (+4).
   Dex+2:     It affects your dexterity (+2).
   rC++:      It greatly protects you from cold.
Missiles
 L - 4 curare-tipped darts
 M - a throwing net
Armour
 a - a scarf of resistance (worn)
 x - a +0 helmet (worn)
 y - a +1 pair of boots (worn)
 E - a +2 buckler (worn)
 P - a +2 leather armour of resistance (worn)
 W - the +1 pair of gloves "Oxzes" (worn) {*Corrode rN+ Slay+2 Stlth+}
   (You found it in an ice cave)

   Slay+2:    It affects your accuracy & damage with ranged weapons and melee
   (+2).
   rN+:       It protects you from negative energy.
   *Corrode:  It may corrode you when you take damage.
   Stlth+:    It makes you more stealthy.
Jewellery
 p - an amulet of regeneration (around neck)
 u - a +4 ring of slaying
 Q - a ring of magical power (right hand)
 S - a ring of see invisible (left hand)
 U - a ring of willpower
Talismans
 v - a talisman of death
Wands
 r - a wand of mindburst (6)
 D - a wand of digging (11)
 F - a wand of iceblast (49)
 J - a wand of paralysis (39)
 O - a wand of light (14)
Scrolls
 c - 3 scrolls of revelation
 e - 2 scrolls of brand weapon
 f - 7 scrolls of immolation
 g - 2 scrolls of fear
 j - 2 scrolls of fog
 k - 4 scrolls of poison
 t - 7 scrolls of teleportation
 w - 5 scrolls of enchant weapon
 z - 3 scrolls of vulnerability
 B - 5 scrolls of blinking
 C - a scroll of butterflies {unknown}
 K - 2 scrolls of enchant armour
 N - 5 scrolls of silence
 T - 4 scrolls of noise
 V - 2 scrolls of amnesia
 Z - a scroll of torment
Potions
 b - 4 potions of magic
 d - 6 potions of might
 h - 7 potions of attraction
 l - 5 potions of heal wounds
 m - 8 potions of enlightenment
 n - 4 potions of resistance
 o - 3 potions of brilliance
 q - 7 potions of curing
 s - a potion of ambrosia
 A - 5 potions of cancellation
 G - 4 potions of lignification
 H - 2 potions of invisibility
 I - 4 potions of mutation
 Y - a potion of haste {unknown}
Miscellaneous
 i - a phantom mirror
 X - a box of beasts


   Skills:
 + Level 13.4 Fighting
 - Level 5.8(6.5) Maces & Flails
 - Level 4.3(5.8) Staves
 + Level 7.7 Armour
 - Level 1.5 Dodging
 - Level 2.1 Stealth
 + Level 7.4 Shields
 + Level 11.1 Spellcasting
 - Level 12.2 Conjurations
 - Level 4.8 Hexes
 - Level 0.7 Transmutations
 + Level 6.8 Ice Magic
 - Level 4.8 Air Magic
 + Level 15.1 Earth Magic
 - Level 5.0 Poison Magic
 + Level 5.9 Shapeshifting


You had 12 spell levels left.
You knew the following spells:

 Your Spells              Type           Power      Damage    Failure   Level
a - Sandblast             Erth           100%       2d20      0%          1
c - Olgreb's Toxic Radia  Pois           43%        N/A       2%          4
d - Freezing Cloud        Conj/Ice/Air   28%        6-21      1%          5
e - Orb of Destruction    Conj           35%        9d10      9%          7
x - Stone Arrow           Conj/Erth      100%       3d13      1%          3
z - Lee's Rapid Deconstr  Erth           39%        3d19*     1%          5

Your spell library contained the following spells:

 Spells                   Type           Power      Damage    Failure   Level
 Arcjolt                  Conj/Air       29%        1d39      1%          5
 Magic Dart               Conj           100%       1d8       1%          1
 Sting                    Tmut/Pois      100%       1d8       1%          1
 Jinxbite                 Hex            84%        N/A       1%          2
 Momentum Strike          Conj/Tloc      100%       3d10      1%          2
 Passwall                 Tmut/Erth      46%        N/A       1%          2
 Poisonous Vapours        Pois/Air       86%        N/A       1%          2
 Searing Ray              Conj           100%       2d8       1%          2
 Inner Flame              Hex/Fire       29%        N/A       1%          3
 Brom's Barrelling Bould  Conj/Erth      75%        2d9       1%          4
 Flame Wave               Conj/Fire      50%        2d12      1%          4
 Fulminant Prism          Conj/Hex       29%        3d14      1%          4
 Iskenderun's Mystic Bla  Conj/Tloc      50%        2d11      1%          4
 Sticky Flame             Conj/Fire      50%        2d7       1%          4
 Tukima's Dance           Hex            42%        N/A       2%          3
 Petrify                  Tmut/Erth      56%        N/A       2%          4
 Apportation              Tloc           30%        N/A       6%          1
 Necrotise                Necr           60%        1d7       6%          1
 Summon Small Mammal      Summ           60%        N/A       6%          1
 Blink                    Tloc           30%        N/A       9%          2
 Lesser Beckoning         Tloc           30%        N/A       9%          2
 Gell's Gravitas          Tloc           15%        N/A       19%         3
 Teleport Other           Tloc           15%        N/A       19%         3
 Dimensional Bullseye     Hex/Tloc       14%        N/A       22%         4
 Alistair's Intoxication  Tmut/Pois      20%        N/A       45%         5
 Eringya's Noxious Bog    Tmut/Pois      15%        4d6       54%         6
 Ozocubu's Refrigeration  Ice            26%        4d13      58%         7
 Summon Forest            Summ/Tloc      7%         N/A       86%         5
 Simulacrum               Ice/Necr       17%        N/A       92%         6
 Dispersal                Tloc           7%         N/A       100%        6
 Summon Hydra             Summ           7%         N/A       100%        7
 Polar Vortex             Ice            26%        12d3*     100%        9


Dungeon Overview and Level Annotations

Branches:
Dungeon (15/15)            Temple (1/1) D:5            Lair (5/5) D:11
  Swamp (0/4) Lair:3       Spider (2/4) Lair:2        Slime (0/5) Lair:5
    Orc (0/2) D:12         Vaults (0/5) D:13         Depths (0/4) D:15
Ossuary (visited)           IceCv (visited)

Altars:
Ashenzari
Cheibriados
Dithmenos
Elyvilon
Fedhas
Gozag
Hepliaklqana
Kikubaaqudgha
Makhleb
Nemelex Xobeh
Okawaru
Qazlal
Ru
Sif Muna
Trog
Uskayaw
Vehumet
Wu Jian
Xom
Yredelemnul
Zin
The Shining One
Jiyva

Shops:
D:2 *   D:6 =   D:7 =   D:10 :   D:12 *:==?

Annotations:
D:14 exclusion: rakshasa
D:15 3 runed translucent doors, Gonzollydolly's ghost, adept VSCA


Innate Abilities, Weirdness & Mutations

You are immune to sickness and miasma.
Your stone body is resilient. (AC +12)
You are immune to poison.
Your large and strong wings let you fly.
You resist negative energy. (rN+)
You are resistant to electric shocks. (rElec)
You are resistant to unholy torment.
You are immune to petrification.


Message History

* * * LOW HITPOINT WARNING * * *
The demonic crawler hits you but does no damage.
Your magical contamination has completely faded away.
You take 14 damage, and have 26/104 hp.
You now have 1/40 mp.
Casting: Olgreb's Toxic Radiance (mildly dangerous; 2% risk of failure)
Confirm with . or Enter, or press ? or * to list all spells.
You don't have enough magic to cast this spell.
You struggle to detach yourself from the web.
The boulder beetle looks as sick as possible!
The demonic crawler closely misses you.
The demonic crawler hits you but does no damage. x2
The boulder beetle leaps!
The demonic crawler hits you but does no damage. x2
The demonic crawler completely misses you.
You struggle to detach yourself from the web.
The demonic crawler barely misses you. x2
The demonic crawler closely misses you.
The web tears apart.
Your toxic aura wanes.
The demonic crawler hits you but does no damage.
You block the demonic crawler's attack. The demonic crawler misses you.
You barely miss the demonic crawler. Vehumet accepts your kill.
You feel your power returning.
You feel a bit more experienced. The demonic crawler misses you.
You block the demonic crawler's attack. x2
You regained 4 mp, and now have 6/40 mp.
You whack the demonic crawler!
The demonic crawler is moderately wounded.
The demonic crawler barely misses you. The demonic crawler hits you!
* * * LOW HITPOINT WARNING * * *
The demonic crawler closely misses you. You block the demonic crawler's attack.
The demonic crawler hits you but does no damage.
The demonic crawler closely misses you.
You take 12 damage, and have 18/104 hp.
As you read the scroll of teleportation, it crumbles to dust.
You feel strangely unstable. The demonic crawler hits you!
* * * LOW HITPOINT WARNING * * *
The demonic crawler hits you but does no damage.
The demonic crawler hits you!
You die...

.#..## ##...########
###...##....#
..##........## ..
...###.......## #.. #
.....##.......# #..#
##..
.#....###....#######$..#
#...
.###....^.######..^...#
#... ...##.††.##
#.@s....# #...
....###### ##..##.##
##.. #......# #....# ###
#......# ##...# .......#
##..## ..>..### #...#
...###.##########...##
..##....##..#.##††..)#
.##.....^#.....†^...##


You could see a demonic crawler.

Vanquished Creatures
  A ghost moth (Spider:2)
  2 frost giants (IceCv)
  A white draconian (IceCv)
  An entropy weaver (Spider:1)
  A fire dragon (D:15)
  6 hydras
  2 ice dragons (IceCv)
  2 catoblepae
  2 rakshasas (D:15)
  5 vault guards (D:13)
  4 ironbound frosthearts (IceCv)
  5 boulder beetles
  2 ogre magi
  3 centaur warriors (D:13)
  9 two-headed ogres
  7 death yaks (Lair:5)
  A deep troll shaman (Lair:5)
  3 tengu warriors
  A deep elf knight (D:13)
  2 demonic crawlers
  A pharaoh ant (Spider:1)
  A sun moth (Spider:2)
  An orb spider (Spider:1)
  8 skeletal warriors
  An orange crystal statue (IceCv)
  3 skysharks
  A deep elf archer (D:13)
  A steelbarb worm (Spider:2)
  A necromancer (D:15)
  3 deep elf pyromancers
  2 wolf spiders
  3 manticores
  20 ugly things
  4 cyclopes
  A moth of wrath (Spider:1)
  An orc sorcerer (D:15)
  13 elephants
  Joseph (D:9)
  A centaur skeleton (D:15)
  9 black mambas
  2 torpor snails
  2 gargoyles (D:13)
  A freezing wraith (D:15)
  A cane toad (shapeshifter) (D:15)
  2 unseen horrors
  2 efreet
  11 cane toads
  Jeremiah (D:6)
  A kobold demonologist (D:13)
  18 rime drakes
  5 tengu conjurers
  2 yaktaurs (D:13)
  6 komodo dragons
  A meliai (shapeshifter) (D:13)
  6 trolls
  A queen bee (D:10)
  6 tarantellas
  21 polar bears
  6 hornets
  Grinder (D:6)
  8 blink frogs (Lair:5)
  14 slime creatures
  3 jumping spiders
  9 culicivoras
  2 shadows
  2 centaur simulacra (D:14)
  A spriggan (shapeshifter) (D:13)
  4 wyverns
  3 vampires
  A human (D:13)
  7 basilisks
  36 yaks
  36 redbacks
  2 vampire mosquitoes (D:13)
  A steam dragon (D:10)
  5 wargs
  A harpy simulacrum (D:15)
  Menkaure (D:4)
  2 acid dragons
  A hornet zombie (Ossuary)
  14 water moccasins
  3 orc warriors
  A swamp drake (shapeshifter) (D:15)
  A meliai simulacrum (D:15)
  4 ice beasts
  5 black bears
  A sky beast (D:4)
  2 ogres (D:15)
  18 wolves
  A phantom (D:5)
  5 centaurs
  A kobold brigand (D:9)
  Blork the orc (D:4)
  7 bullfrogs
  2 gnoll sergeants
  2 wyvern zombies (Ossuary)
  A water moccasin zombie (Ossuary)
  11 wights
  14 killer bees
  2 electric eels (Lair:2)
  5 howler monkeys
  4 bullfrog zombies (Ossuary)
  5 centaur zombies
  3 hounds
  2 jellies
  6 orc priests
  2 gnoll boudas
  11 hell rats
  2 sleepcaps
  Terence (D:3)
  2 iguanas (D:4)
  Ijyb (D:4)
  A boggart zombie (D:15)
  5 orc wizards
  A killer bee zombie (Ossuary)
  15 mummies (Ossuary)
  A howler monkey zombie (Ossuary)
  Robin (D:4)
  33 gnolls
  5 adders
  A shadow imp (D:5)
  A white imp (D:6)
  2 ufetubi (D:7)
  3 dart slugs
  A worm (D:3)
  30 orcs
  5 ball pythons
  4 endoplasms
  4 giant cockroaches
  11 goblins
  11 hobgoblins
  7 quokkas
  2 bats
  A frilled lizard (D:1)
  13 kobolds
  5 rats
674 creatures vanquished.

Vanquished Creatures (collateral kills)
  6 boulders
6 creatures vanquished.

Vanquished Creatures (others)
  A polar bear (IceCv)
  An orc wizard (D:11)
  A boulder (D:7)
3 creatures vanquished.

Grand Total: 683 creatures vanquished

Notes
Turn   | Place    | Note
-------+----------+-------------------------------------------
     0 | D:1      | Dirtsage the Gargoyle Earth Elementalist began the quest
                  | for the Orb.
     0 | D:1      | Reached XP level 1. HP: 10/10 MP: 3/3
   122 | D:1      | Reached XP level 2. HP: 16/16 MP: 0/5
   196 | D:1      | Reached skill level 4 in Earth Magic
   674 | D:2      | Found a glowing silver altar of Zin.
   777 | D:2      | Found a transporter.
   777 | D:2      | Found Facami's General Store.
   896 | D:2      | Reached skill level 1 in Fighting
   896 | D:2      | Reached skill level 1 in Conjurations
  1195 | D:2      | Reached XP level 3. HP: 20/20 MP: 4/6
  1441 | D:2      | Found a transporter.
  1449 | D:2      | Bought a scroll of poison for 44 gold pieces
  1683 | D:3      | Noticed Terence
  1687 | D:3      | Noticed an ice beast
  1707 | D:3      | Learned a level 3 spell: Stone Arrow
  1732 | D:3      | Found an opulent altar of Gozag.
  1849 | D:4      | Found a hide-covered altar of Uskayaw.
  1849 | D:4      | Found a blossoming altar of Fedhas.
  1971 | D:4      | Reached XP level 4. HP: 24/25 MP: 5/7
  2124 | D:4      | Noticed a sky beast
  2134 | D:4      | Killed a sky beast
  2135 | D:4      | Reached skill level 5 in Earth Magic
  2135 | D:4      | Reached XP level 5. HP: 30/30 MP: 3/9
  2360 | D:4      | Reached XP level 6. HP: 30/36 MP: 5/10
  2488 | D:4      | You fall into a shaft and drop 1 floor!
  2488 | D:5      | Entered Level 5 of the Dungeon
  2495 | D:5      | Noticed an ice beast
  2496 | D:4      | Noticed Menkaure
  2496 | D:4      | Noticed Ijyb
  2662 | D:4      | Reached skill level 6 in Earth Magic
  2662 | D:4      | Killed Ijyb
  2664 | D:4      | Killed Menkaure
  2665 | D:4      | Reached XP level 7. HP: 19/41 MP: 0/12
  2713 | D:4      | Noticed Blork the orc
  2719 | D:4      | Killed Blork the orc
  2761 | D:4      | Noticed Robin
  2826 | D:4      | Killed Robin
  2897 | D:4      | Reached skill level 7 in Earth Magic
  3468 | D:3      | Killed Terence
  3896 | D:5      | Reached XP level 8. HP: 48/48 MP: 7/14
  3954 | D:5      | Found a staircase to the Ecumenical Temple.
  3961 | Temple   | Entered the Ecumenical Temple
  3987 | Temple   | Became a worshipper of Vehumet
  4104 | D:5      | Reached skill level 8 in Earth Magic
  4821 | D:5      | Saving game... please wait.
  4887 | D:5      | Reached * piety under Vehumet
  4887 | D:5      | Offered knowledge of Shock by Vehumet.
  4888 | D:5      | Reached skill level 5 in Conjurations
  4916 | D:5      | Found a hazy altar of Hepliaklqana.
  5167 | D:6      | Reached skill level 5 in Fighting
  5167 | D:6      | Reached skill level 9 in Earth Magic
  5167 | D:6      | Noticed Grinder
  5236 | D:6      | Killed Grinder
  5237 | D:6      | Reached skill level 5 in Spellcasting
  5237 | D:6      | Reached XP level 9. HP: 54/54 MP: 13/16
  5368 | D:6      | Found Puffyut's Jewellery Shop.
  5375 | D:6      | Noticed Jeremiah
  5384 | D:6      | Learned a level 4 spell: Brom's Barrelling Boulder
  5419 | D:6      | Killed Jeremiah
  5774 | D:7      | Reached skill level 10 in Earth Magic
  6457 | D:7      | Noticed a hornet
  6461 | D:7      | Killed a hornet
  6580 | D:7      | Found Coikhaci's Jewellery Shoppe.
  6583 | D:7      | Bought a ring of magical power for 300 gold pieces
  6817 | D:8      | Found a sand-covered staircase.
  6831 | D:8      | Reached skill level 11 in Earth Magic
  6831 | D:8      | Reached XP level 10. HP: 52/61 MP: 17/18
  6847 | Ossuary  | Entered an ossuary
  6884 | Ossuary  | Offered knowledge of Scorch by Vehumet.
  6913 | Ossuary  | Reached ** piety under Vehumet
  7027 | Ossuary  | Reached skill level 1 in Poison Magic
  7582 | D:8      | Offered knowledge of Static Discharge by Vehumet.
  8270 | D:9      | Reached *** piety under Vehumet
  8443 | D:9      | Reached skill level 12 in Earth Magic
  8513 | D:9      | Noticed Joseph
  8518 | D:9      | Killed Joseph
  8727 | D:9      | Found a sparkling altar of Nemelex Xobeh.
  9003 | D:10     | Entered Level 10 of the Dungeon
  9095 | D:10     | Offered knowledge of Flame Wave by Vehumet.
  9102 | D:10     | Learned a level 4 spell: Olgreb's Toxic Radiance
  9260 | D:10     | Reached XP level 11. HP: 49/68 MP: 21/21
  9345 | D:10     | Reached skill level 1 in Hexes
  9554 | D:10     | Found Xoemmir's Book Shop.
  9742 | D:10     | Reached **** piety under Vehumet
  9929 | D:11     | Offered knowledge of Freezing Cloud by Vehumet.
 10083 | D:11     | Noticed a manticore
 10094 | D:11     | Killed a manticore
 10101 | D:11     | Learned a level 5 spell: Freezing Cloud
 10186 | D:11     | Reached skill level 1 in Staves
 10302 | D:11     | Found a staircase to the Lair.
 10347 | D:11     | Identified the +2 leather armour of Onupnuam {rElec}
 10360 | D:11     | Reached skill level 1 in Ice Magic
 10486 | D:11     | Found an iron altar of Okawaru.
 10583 | D:11     | Noticed a manticore
 10592 | D:11     | Killed a manticore
 10593 | D:11     | Reached skill level 1 in Air Magic
 10739 | Lair:1   | Entered Level 1 of the Lair of Beasts
 11012 | Lair:1   | Noticed a boulder beetle
 11021 | Lair:1   | Killed a boulder beetle
 11272 | Lair:1   | Reached XP level 12. HP: 63/75 MP: 19/23
 12057 | Lair:2   | Reached skill level 5 in Poison Magic
 12136 | Lair:2   | Reached ***** piety under Vehumet
 12262 | Lair:2   | Offered knowledge of Airstrike by Vehumet.
 12382 | Lair:2   | Noticed a seven-headed hydra
 12387 | Lair:2   | Killed a seven-headed hydra
 12537 | Lair:2   | Found a hole to the Spider Nest.
 13276 | Spider:1 | Entered Level 1 of the Spider Nest
 13311 | Lair:3   | Noticed an eight-headed hydra
 13315 | Lair:3   | Killed an eight-headed hydra
 13503 | Lair:3   | Identified the +11 demon whip "Hydrabane" {vamp, rC++ Int+4
                  | Dex+2}
 13656 | Lair:3   | Found a staircase to the Swamp.
 13658 | Lair:3   | Noticed a skyshark
 13664 | Lair:3   | Killed a skyshark
 13758 | Lair:3   | Reached skill level 1 in Maces & Flails
 13843 | Lair:3   | Reached XP level 13. HP: 80/81 MP: 25/25
 14528 | Lair:4   | Reached skill level 10 in Fighting
 14655 | Lair:4   | Reached skill level 5 in Ice Magic
 14655 | Lair:4   | Reached skill level 1 in Shapeshifting
 15137 | Lair:5   | Entered Level 5 of the Lair of Beasts
 15165 | Lair:5   | Reached skill level 10 in Conjurations
 15793 | Lair:5   | Offered knowledge of Orb of Destruction by Vehumet.
 15857 | Lair:5   | Learned a level 7 spell: Orb of Destruction
 16025 | Lair:5   | Reached skill level 13 in Earth Magic
 16079 | Lair:5   | Reached skill level 1 in Armour
 16079 | Lair:5   | Reached skill level 1 in Shields
 16079 | Lair:5   | Gained mutation: Your large and strong wings let you fly.
                  | [Gargoyle growth]
 16079 | Lair:5   | Reached XP level 14. HP: 45/88 MP: 24/27
 16223 | Lair:5   | Identified the +4 quarterstaff of Putiroc {heavy, Fly}
 16481 | Lair:5   | Found a viscous altar of Jiyva.
 16481 | Lair:5   | Found a staircase to the Slime Pits.
 16754 | D:12     | Found Anuwku's Magic Scroll Emporium.
 16769 | D:12     | Bought a scroll of identify for 26 gold pieces
 16769 | D:12     | Bought a scroll of blinking for 97 gold pieces
 16769 | D:12     | Bought a scroll of blinking for 97 gold pieces
 16769 | D:12     | Bought a scroll of revelation for 97 gold pieces
 16769 | D:12     | Bought a scroll of revelation for 97 gold pieces
 16769 | D:12     | Bought a scroll of identify for 26 gold pieces
 16815 | D:12     | Found Oczoeked's Jewellery Shop.
 16860 | D:12     | Found Botua's Book Boutique.
 16944 | D:12     | Found a staircase to the Orcish Mines.
 16968 | D:12     | Found Mimijetz's Assorted Antiques.
 16986 | D:12     | Reached skill level 5 in Maces & Flails
 17283 | D:12     | Found Geomuar's Jewellery Shop.
 18529 | D:13     | Offered knowledge of Lee's Rapid Deconstruction by Vehumet.
 18554 | D:13     | Learned a level 5 spell: Lee's Rapid Deconstruction
 18901 | D:13     | Reached XP level 15. HP: 84/96 MP: 28/28
 18988 | D:13     | Found a gate to the Vaults.
 19445 | D:13     | Reached skill level 10 in Spellcasting
 19859 | D:14     | Found a frozen archway.
 19918 | IceCv    | Entered an ice cave
 19978 | IceCv    | Reached skill level 5 in Armour
 19980 | IceCv    | Reached skill level 5 in Shields
 19981 | IceCv    | Reached skill level 14 in Earth Magic
 20633 | IceCv    | Offered knowledge of Irradiate by Vehumet.
 20749 | IceCv    | Noticed a frost giant
 20765 | IceCv    | Killed a frost giant
 20872 | IceCv    | Noticed a frost giant
 20882 | IceCv    | Killed a frost giant
 21246 | IceCv    | Identified the +1 pair of gloves "Oxzes" {*Corrode rN+
                  | Slay+2 Stlth+}
 21343 | IceCv    | Identified the +8 flail of the Omega Point {flame, Dex+4}
 21697 | D:14     | Reached skill level 5 in Shapeshifting
 21767 | D:14     | Reached XP level 16. HP: 85/103 MP: 22/30
 21945 | D:14     | Saving game... please wait.
 22204 | D:14     | Found a hide-covered altar of Uskayaw.
 22273 | D:15     | Entered Level 15 of the Dungeon
 22695 | D:15     | Found a runed translucent gate.
 22696 | D:15     | Found a runed translucent gate.
 22697 | D:15     | Found a runed translucent gate.
 22699 | D:15     | Noticed Gonzollydolly's ghost (adept VSCA)
 23068 | D:15     | Paralysed by an ogre mage for 4 turns
 23076 | D:15     | Paralysed by an ogre mage for 3 turns
 23479 | D:15     | Found a staircase to the Depths.
 23754 | Spider:1 | Reached ****** piety under Vehumet
 23784 | Spider:1 | Offered knowledge of Plasma Beam by Vehumet.
 24525 | Spider:2 | Reached skill level 15 in Earth Magic
 24890 | Spider:2 | Offered knowledge of Arcjolt by Vehumet.
 24930 | Spider:2 | Slain by a demonic crawler

Illustrated notes

Levels and vault maps discovered:
D:1:      doesnt_arrival_eight_statues, layout_basic
D:2:      layout_basic, basic_altar, serial_shops, nicolae_shop_drivethru
D:3:      layout_rooms, mainiacjoe_overflow_alcove_1, uniq_terence
D:4:      minmay_evil_eye, layout_loops_ring,
          gammafunk_temple_overflow_elements, minmay_vboxes, uniq_ijyb,
          uniq_robin, uniq_menkaure, uniq_blork_the_orc
D:5:      layout_rooms, nicolae_hepliaklqana_hippocampus,
          minmay_temple_entry_junction, lemuel_flame_loot_1
D:6:      layout_rooms, serial_shops, shop, uniq_grinder, uniq_jeremiah
D:7:      layout_loops_ring, serial_shops, nicolae_shop_real_fake_doors
D:8:      layout_gridville, lightli_ossuary_entry_decrepit_ruins,
          serial_park_tiny_2, dk_rats_in_the_wall
D:9:      layout_roguey, marbit_many_paths, nzn_life_drinkers, uniq_joseph
D:10:     layout_roguey, serial_shops, nicolae_take_the_stairs,
          nicolae_looking_at_the_future
D:11:     layout_rooms, erik_lair_orcish_takeover,
          hellmonk_okawaru_the_only_friend_you_need
D:12:     layout_cave_pools, minmay_orc_entry_guard_dogs, serial_shops,
          shop_statue, nicolae_shop_hallway_plus, shop, shop_fountains, shop
D:13:     minmay_polygon_palace, layout_basic, grunt_vaults_entry_fortified
D:14:     layout_loops_ring, portal_ice_cave_entry_pillars_1,
          dancing_weapons_uskayaw
D:15:     grunt_enter_depths_magical_seal, layout_cave_pools,
          gammafunk_ghost_hydra_chop
Temple:   bh_familiar_temple
Lair:1:   layout_cellular_growth
Lair:2:   layout_gridlike, spider_nest_entry_rubble,
          chequers_serial_rivers_micro_d, st_stairs_7,
          nicolae_lair_grazing_beasts [nicolae_sub_lair_graze_edge,
          nicolae_sub_lair_graze_edge, nicolae_sub_lair_graze_edge,
          nicolae_sub_lair_graze_edge]
Lair:3:   layout_regular_city, swamp_mist, grunt_megastairs_1
Lair:4:   layout_small_grid
Lair:5:   grunt_lair_end_beastmaster, layout_regular_city,
          dpeg_slime_entry_enclosed, small_statue_intersection,
          dreamdust_wasp_nest
Spider:1: layout_spider_delve
Spider:2: layout_spider_delve, drop_trap

Skill      XL: |  1  2  3  4  5  6  7  8  9 10 11 12 13 14 15 16 |
---------------+-------------------------------------------------+-----
Earth Magic    | 4 5 6 7 9 11 12 13 14 15 | 15.1
Fighting       | 1 2 3 4 5 6 7 8 9 10 11 12 13 | 13.4
Conjurations   | 1 2 3 4 5 6 7 8 9 10 11 12 | 12.2
Spellcasting   | 3 4 5 6 7 8 9 10 11 | 11.1
Poison Magic   | 3 4 5 |  5.0
Hexes          | 3 4 |  4.8
Staves         | 2 4 |  4.3
Ice Magic      | 2 4 5 6 |  6.8
Air Magic      | 2 3 4 |  4.8
Maces & Flails | 1 4 5 |  5.8
Shapeshifting  | 2 3 5 |  5.9
Armour         | 1 4 6 7 |  7.7
Shields        | 1 4 6 7 |  7.4
Dodging        | |  1.5
Stealth        | |  2.1
Transmutations | |  0.7

Action                     |  1- 3 |  4- 6 |  7- 9 | 10-12 | 13-15 | 16-18 || total
---------------------------+-------+-------+-------+-------+-------+-------++-------
  Melee: Staff             |    26 |    54 |    72 |    84 |       |       ||   236
         Punch             |     1 |       |     1 |       |       |     1 ||     3
         Demon whip        |       |       |       |    13 |   415 |   119 ||   547
   Cast: Sandblast         |    49 |    34 |    73 |   130 |     9 |       ||   295
         Stone Arrow       |       |     4 |    44 |   105 |   168 |    79 ||   400
         Brom's Barrelling |       |       |     5 |     5 |       |       ||    10
         Olgreb's Toxic Ra |       |       |       |    50 |    74 |    34 ||   158
         Freezing Cloud    |       |       |       |    22 |    52 |    17 ||    91
         Orb of Destructio |       |       |       |       |    18 |     7 ||    25
         Lee's Rapid Decon |       |       |       |       |    22 |    17 ||    39
  Evoke: Wand              |       |       |       |       |     1 |       ||     1
    Use: Scroll            |     1 |     1 |       |    16 |     9 |     2 ||    29
         Potion            |       |       |     3 |     1 |     1 |       ||     5
   Stab: Sleeping          |     3 |     2 |     1 |       |       |       ||     6
         Distracted        |       |       |       |       |     2 |       ||     2
 Armour: Robe              |    31 |    47 |    16 |       |       |       ||    94
         Animal skin       |       |       |    43 |   123 |       |       ||   166
         Leather armour    |       |       |       |    95 |   567 |   230 ||   892
  Dodge: Dodged            |    22 |    47 |    73 |   142 |   307 |   100 ||   691
  Block: Buckler           |       |       |       |       |       |    47 ||    47

Table legend: (Time is in decaauts)
 A = Elapsed time spent in this place.
 B = Non-inter-level travel time spent in this place.
 C = Inter-level travel time spent in this place.
 D = Time resting spent in this place.
 E = Time spent auto-exploring this place.
 F = Levels seen in this place.
 G = Mean time per level.
                   A        B        C        D        E       F      G
               +--------+--------+--------+--------+--------+-----+--------+
         Total |  25049 |  24153 |    896 |   1549 |  18438 |  25 | 1002.0 |
       Dungeon |  15568 |  15019 |    549 |    827 |  11872 |  15 | 1037.9 |
        Temple |     51 |      2 |     49 |      0 |      0 |   1 |   51.0 |
          Lair |   6031 |   5771 |    260 |    346 |   4512 |   5 | 1206.2 |
   Spider Nest |   1240 |   1203 |     37 |     42 |    881 |   2 |  620.0 |
       Ossuary |    596 |    596 |      0 |      0 |    396 |   1 |  596.0 |
      Ice Cave |   1561 |   1561 |      0 |    334 |    776 |   1 | 1561.0 |
               +--------+--------+--------+--------+--------+-----+--------+

Top non-repeatable levels by time:
    D:13: 1952 daAuts
     D:4: 1683 daAuts
   IceCv: 1561 daAuts
  Lair:5: 1515 daAuts
     D:5: 1342 daAuts
  Lair:2: 1333 daAuts
    D:14: 1331 daAuts
  Lair:1: 1305 daAuts
    D:15: 1181 daAuts
     D:8: 998 daAuts
  Lair:3: 988 daAuts
     D:7: 928 daAuts
    D:10: 903 daAuts
  Lair:4: 887 daAuts
    D:11: 872 daAuts
